Map: Torches LE

Players

SubN

  • Race: Zerg Zerg
  • League: Platinum
  • Spawn Location: 5:00

dsplaisted - Winner!

  • Race: Zerg Zerg
  • League: Diamond
  • Spawn Location: 1:00

VOD

Have the link to the VOD?

Description

Time

  • Played on: July 20, 2025, 1:06 p.m.
  • Length: 8:20
Show
View Real Time Build Order
Export as new Build Order

SubN Zerg 

Build Orders: Pool First 

Get SALT Encoding   

  12  0:00  Drone  
  13  0:08  Drone  
  13  0:13  Extractor  
  13  0:30  Spawning Pool  
  12  0:55  Hatchery  
  11  1:16  Queen  
  13  1:26  Metabolic Boost  
  13  1:37  Overlord  
  13  1:45  Zergling x2  
  14  2:04  Zergling x6  
  17  2:12  Queen  
  19  2:21  Zergling x2  
  19  2:22  Zergling x2  
  21  2:26  Zergling x2  
  22  2:35  Zergling x2  
  22  2:36  Zergling x2  
  24  2:41  Zergling x2  
  25  3:00  Zergling x2  
  25  3:01  Zergling x4  
  27  3:15  Zergling x2  
  19  3:46  Drone x4  
  19  3:47  Drone x4  
  27  3:57  Overlord  
  27  4:04  Drone  
  28  4:11  Overlord  
  28  4:19  Roach Warren  
  28  4:20  Drone x3  
  30  4:29  Drone x3  
  33  4:33  Overlord  
  33  4:38  Overlord  
  33  4:43  Drone  
  34  4:46  Drone x2  
  34  4:48  Drone  
  34  4:49  Drone  
  38  4:57  Drone  
  38  4:59  Drone x2  
  42  5:00  Drone  
  42  5:02  Drone  
  42  5:05  Extractor  
  42  5:07  Overlord  
  42  5:13  Drone  
  43  5:16  Drone x3, Extractor  
  43  5:19  Drone  
  46  5:25  Lair  
  46  5:28  Drone x2  
  46  5:30  Drone  
  46  5:34  Overlord  
  49  5:46  Overlord  
  49  5:50  Roach  
  49  5:51  Roach x2  
  49  5:54  Drone  
  56  6:01  Evolution Chamber  
  56  6:04  Roach x5  
  59  6:10  Roach x2  
  69  6:18  Roach x2  
  73  6:23  Roach x2  
  77  6:26  Drone  
  77  6:28  Drone  
  77  6:29  Drone x2  
  77  6:30  Extractor  
  80  6:47  Glial Reconstitution  
  80  6:50  Overlord  
  80  6:52  Drone  
  81  7:10  Roach x5  
  91  7:30  Overlord x6  
  91  7:32  Drone  
  92  7:37  Hatchery  
  92  7:42  Overlord x2  
  91  7:44  Extractor  
  91  7:48  Roach  
  92  7:55  Roach  
  92  7:56  Roach x5  
Show
View Real Time Build Order
Export as new Build Order

dsplaisted Zerg - Winner!

Build Orders: Hatch First 

Get SALT Encoding   

  12  0:00  Drone  
  13  0:12  Overlord  
  13  0:16  Drone  
  14  0:31  Drone x2  
  16  0:48  Hatchery  
  15  0:50  Drone  
  16  1:05  Spawning Pool  
  15  1:12  Drone x2  
  15  1:15  Drone  
  18  1:24  Drone  
  19  1:33  Overlord  
  19  1:52  Queen  
  21  1:54  Drone  
  22  2:01  Queen  
  22  2:05  Drone x2  
  26  2:12  Drone  
  26  2:13  Drone  
  28  2:20  Overlord  
  28  2:28  Queen  
  30  2:33  Drone x3  
  33  2:42  Drone, Spine Crawler  
  33  2:46  Extractor  
  33  2:47  Extractor  
  33  2:49  Drone x2  
  33  3:00  Evolution Chamber  
  33  3:02  Roach Warren  
  33  3:04  Evolution Chamber  
  31  3:06  Evolution Chamber  
  28  3:13  Zergling x2  
  28  3:14  Zergling x14  
  30  3:24  Drone x3  
  28  3:37  Queen  
  26  3:52  Roach Warren  
  26  3:53  Drone  
  26  3:54  Drone x3  
  29  4:02  Queen  
  31  4:19  Drone x4  
  35  4:24  Overlord  
  35  4:40  Overlord  
  35  4:41  Overlord  
  35  4:51  Lair  
  35  4:55  Drone x5  
  35  4:59  Overlord  
  40  5:08  Zerg Missile Weapons Level 1  
  40  5:13  Drone, Extractor  
  40  5:14  Drone x2  
  42  5:30  Drone x7  
  42  5:33  Drone  
  42  5:34  Drone  
  51  5:38  Overlord  
  51  5:50  Zerg Ground Armor Level 1  
  51  5:53  Glial Reconstitution  
  51  5:54  Extractor  
  50  5:59  Drone  
  50  6:01  Drone x3  
  50  6:02  Roach  
  56  6:17  Overseer  
  56  6:19  Roach x6  
  68  6:29  Roach x3  
  68  6:30  Overlord  
  68  6:31  Overlord  
  74  6:40  Overlord x2  
  74  6:47  Overlord  
  74  6:51  Roach x3  
  80  6:59  Roach  
  80  7:00  Roach x4  
  90  7:09  Roach x3  
  96  7:22  Roach x3  
  102  7:30  Drone  
  102  7:32  Roach x3  
  102  7:33  Roach x3  
  115  7:51  Overlord x3  
  115  7:57  Hydralisk Den  
  114  8:00  Hatchery  
Tags
 
Matchup
ZvZ
Race
Zerg
Replay Pack
Multiplayer
Spawn Locations
Close Positions
Add a new tag
Caveats
  • Supply blocks, unpowered buildings, or Contaminate may cause inaccurate times.
  • Supply counts are checked every 10 seconds.